 Dungeon Crawl Stone Soup version 0.28.0-47-ge53b351184 (webtiles) character file.

Game seed: 10889500540427242900

3787 styxcanada the Covert (level 9, -4/41 (45) HPs)
             Began as a Spriggan Brigand on May 4, 2022.
             Was an Initiate of Gozag.
             Slain by a wight
             ... wielding a +5 long sword
              (18 damage)
             ... on level 8 of the Dungeon.
             The game lasted 00:34:21 (10157 turns).

styxcanada the Covert (Spriggan Brigand)           Turns: 10157, Time: 00:34:22

HP:   -4/41 (45)    AC:  4    Str: 13    XL:     9   Next: 95%
MP:   16/16         EV: 22    Int: 13    God:    Gozag
Gold: 870           SH:  0    Dex: 20    Spells: 10/16 levels left

rFire   . . .      SeeInvis +   d - +1 flail (holy)
rCold   . . .      Faith    .   (no shield)
rNeg    . . .      Spirit   .   b - +0 robe
rPois   .          Reflect  .   (helmet restricted)
rElec   .          Harm     .   c - +1 cloak
rCorr   .          Rampage  .   (gloves unavailable)
Will    +....                   (boots unavailable)
Stlth   ++++++....              z - amulet of the acrobat
HPRegen 0.13/turn               y - ring of flight
MPRegen 0.15/turn               C - +6 ring of strength

@: flying, drained, very quick
A: very small, no large weapons, unfitting armour, see invisible, speed 3
a: Renounce Religion, Potion Petition, Call Merchant, Bribe Branch


You were on level 8 of the Dungeon.
You worshipped Gozag.
Gozag was pleased with you.
You visited 2 branches of the dungeon, and saw 9 of its levels.

You collected 910 gold pieces.
You paid 40 gold pieces to Gozag.

Inventory:

Hand Weapons
 a - a +2 dagger of electrocution
 d - a +1 flail of holy wrath (weapon)
 p - a +2 short sword of electrocution
 B - a +0 hunting sling
Missiles
 e - 3 curare-tipped darts
 f - a throwing net
 h - 148 stones
 s - 40 sling bullets
 u - 3 boomerangs
 v - 8 poisoned darts (quivered)
 w - 5 atropa-tipped darts
Armour
 b - a +0 robe (worn)
 c - a +1 cloak (worn)
Jewellery
 y - a ring of flight (left hand)
 z - an amulet of the acrobat (around neck)
 C - a +6 ring of strength (right hand)
Scrolls
 i - 3 scrolls of teleportation
 l - a scroll of amnesia
 A - a scroll of blinking
 E - a scroll of fear
Potions
 g - 3 potions of lignification
 j - 2 potions of heal wounds
 k - 3 potions of curing
 m - a potion of flight
 n - 2 potions of magic
 o - a potion of invisibility
 q - a potion of berserk rage {unknown}
 r - 3 potions of degeneration {unknown}
 t - a potion of brilliance {unknown}
 x - a potion of haste {unknown}
 D - a potion of might {unknown}


   Skills:
 + Level 3.8 Fighting
 + Level 7.0 Short Blades
 + Level 0.4 Maces & Flails
 + Level 5.4 Throwing
 * Level 7.1 Dodging
 * Level 13.2 Stealth
 * Level 4.4 Spellcasting
 * Level 0.2 Hexes
 * Level 3.0 Summonings
 * Level 0.1 Fire Magic


You had 10 spell levels left.
You knew the following spells:

 Your Spells              Type           Power      Damage    Failure   Level
a - Call Canine Familiar  Summ           10%        N/A       17%         3
b - Inner Flame           Hex/Fire       3%         N/A       50%         3

Your spell library contained the following spells:

 Spells                   Type           Power      Damage    Failure   Level
 Sublimation of Blood     Necr           2%         N/A       30%         2
 Portal Projectile        Hex/Tloc       6%         N/A       50%         3
 Summon Lightning Spire   Summ/Air       6%         N/A       71%         4
 Cause Fear               Hex            1%         N/A       87%         4
 Leda's Liquefaction      Hex/Erth       1%         N/A       88%         4
 Petrify                  Tmut/Erth      2%         N/A       89%         4
 Irradiate                Conj/Tmut      1%         3d14      99%         5
 Storm Form               Tmut/Air       1%         N/A       100%        7
 Discord                  Hex            1%         N/A       100%        8
 Maxwell's Capacitive Co  Air            1%         ∞         100%        8


Dungeon Overview and Level Annotations

Branches:
Dungeon (8/15)             Temple (1/1) D:4
   Lair: D:8-11

Altars:
Cheibriados
Dithmenos
Elyvilon
Fedhas
Gozag
Hepliaklqana
Kikubaaqudgha
Makhleb
Nemelex Xobeh
Okawaru
Qazlal
Ru
Sif Muna
Trog
Uskayaw
Vehumet
Wu Jian
Xom
Yredelemnul
Zin
The Shining One


Innate Abilities, Weirdness & Mutations

You are very small and have problems with some larger weapons.
You are too small for most types of armour.
You have supernaturally acute eyesight. (SInv)
You cover ground extremely quickly. (Speed+++)


Message History

HP restored.
There is an open door here.
You reach down and open the door.
There is an open door here.
A wight comes into view. It is wielding a +5 long sword.
A wight comes into view.
It is wielding a +3 war axe of freezing.
Your +2 short sword of electrocution stops crackling.
Your +1 flail of holy wrath softly glows with a divine radiance!
d - a +1 flail of holy wrath (weapon)
The wight completely misses you.
You closely miss the wight. The wight hits you but does no damage.
You hit the wight.
The wight convulses.
The wight is moderately damaged.
The wight misses you.
The wight hits you with a +5 long sword!
You feel drained.
You barely miss the wight.
The wight is moderately damaged.
The wight misses you.
You closely miss the wight.
The wight is moderately damaged.
The wight hits you with a +5 long sword!
You feel drained. The wight barely misses you.
You hit the wight.
The wight convulses.
The wight is heavily damaged.
The wight misses you. The wight hits you but does no damage.
The wight completely misses you.
You hit the wight.
The wight convulses.
The wight is almost destroyed.
The wight completely misses you. The wight closely misses you.
You hit the wight but do no damage.
The wight is almost destroyed.
The wight hits you with a +5 long sword!
You feel drained. The wight barely misses you. The wight completely misses you.
You hit the wight but do no damage.
The wight is almost destroyed.
The wight completely misses you.
The wight hits you with a +5 long sword!!
You die...
Your body crumbles into a pile of gold.

###.....## #...........
##........###....>......
#.........##............
........................
..........###...........
..........# ##..........
.........## ##.........
.........# ##........
......z@.# ##.......
......z.## ##.....#
#.......# ##....#
#......## #..### #######
#..# ###########..#
##.........#.##
#............#
#............#


You could see 2 wights.

Vanquished Creatures
  A two-headed ogre (D:6)
  A troll (D:5)
  Prince Ribbit (D:5)
  2 steam dragons (D:6)
  Edmund (D:5)
  2 water moccasins (D:6)
  An orc warrior (D:7)
  An ice beast (D:7)
  A sky beast (D:6)
  3 ogres
  A necrophage (D:5)
  A centaur (D:8)
  A phantom (D:7)
  A kobold brigand (D:8)
  2 bullfrogs
  4 scorpions
  A water moccasin zombie (D:6)
  A water moccasin skeleton (D:6)
  4 wights (D:6)
  The ghost of unlimited1921 the Firebug, a weakling DrFE (D:5)
  A howler monkey (D:4)
  A centaur zombie (D:6)
  A gnoll shaman (D:3)
  2 centaur skeletons (D:7)
  4 hounds
  3 bullfrog skeletons
  4 iguanas
  An orc wizard (D:5)
  A hound zombie (D:5)
  A howler monkey zombie (D:4)
  A howler monkey skeleton (D:7)
  7 adders
  A white imp (D:6)
  An ufetubus (D:5)
  3 worms
  A dart slug (D:1)
  11 orcs
  6 ball pythons
  5 bats
  10 endoplasms
  5 giant cockroaches
  6 goblins
  8 hobgoblins
  11 jackals
  9 kobolds
  6 quokkas
  3 frilled lizards
  3 rats
147 creatures vanquished.

Vanquished Creatures (others)
  A fungus (D:7)
  2 plants
  3 toadstools (D:7)
6 creatures vanquished.

Grand Total: 153 creatures vanquished

Notes
Turn   | Place    | Note
-------+----------+-------------------------------------------
     0 | D:1      | styxcanada the Spriggan Brigand began the quest for the
                  | Orb.
     0 | D:1      | Reached XP level 1. HP: 10/10 MP: 2/2
    62 | D:1      | Reached skill level 6 in Stealth
   368 | D:1      | Reached XP level 2. HP: 14/14 MP: 3/3
   763 | D:1      | Found a faded altar of an unknown god.
   777 | D:1      | Reached skill level 7 in Stealth
  1298 | D:2      | Reached XP level 3. HP: 18/18 MP: 4/4
  2185 | D:2      | Found a basalt altar of Yredelemnul.
  2210 | D:2      | Reached XP level 4. HP: 19/23 MP: 5/5
  3346 | D:3      | Reached skill level 8 in Stealth
  3893 | D:3      | Reached XP level 5. HP: 26/26 MP: 6/6
  4340 | D:4      | Found a blossoming altar of Fedhas.
  5137 | D:4      | Found a staircase to the Ecumenical Temple.
  5146 | Temple   | Entered the Ecumenical Temple
  5241 | Temple   | Became a worshipper of Gozag Ym Sagoz the Greedy
  5366 | D:5      | Entered Level 5 of the Dungeon
  5366 | D:5      | Noticed a necrophage
  5368 | D:5      | Killed a necrophage
  5369 | D:5      | Reached skill level 9 in Stealth
  5369 | D:5      | Reached XP level 6. HP: 30/30 MP: 7/7
  5567 | D:5      | Noticed Edmund
  5629 | D:5      | Killed Edmund
  5630 | D:5      | Reached skill level 10 in Stealth
  5630 | D:5      | Reached XP level 7. HP: 35/35 MP: 8/8
  6217 | D:5      | Reached skill level 11 in Stealth
  6307 | D:5      | Found a runed translucent door.
  6309 | D:5      | Noticed unlimited1921's ghost (weakling DrFE)
  6333 | D:5      | Killed unlimited1921's ghost
  6373 | D:5      | Found a runed translucent door.
  6484 | D:5      | Noticed Prince Ribbit
  6520 | D:5      | Killed Prince Ribbit
  6521 | D:5      | Reached XP level 8. HP: 13/40 MP: 9/9
  6788 | D:5      | Reached skill level 5 in Dodging
  6948 | D:5      | Learned a level 3 spell: Call Canine Familiar
  7070 | D:6      | Reached skill level 5 in Short Blades
  7091 | D:6      | Reached skill level 1 in Spellcasting
  7121 | D:6      | Reached skill level 1 in Summonings
  7465 | D:6      | Noticed a troll
  7520 | D:5      | Killed a troll
  7712 | D:5      | Reached skill level 12 in Stealth
  7719 | D:5      | Reached XP level 9. HP: 35/44 MP: 13/13
  7982 | D:6      | Noticed a two-headed ogre
  8011 | D:6      | Killed a two-headed ogre
  8012 | D:6      | Reached skill level 5 in Throwing
  9063 | D:7      | Learned a level 3 spell: Inner Flame
  9133 | D:7      | Reached skill level 13 in Stealth
 10157 | D:8      | Slain by a wight

Illustrated notes

Levels and vault maps discovered:
D:1:      nicolae_arrival_washed_ashore, layout_basic,
          dreamdust_ecumenical_altar_grove, minmay_misc_feat_x
D:2:      layout_loops_ring, basic_altar
D:3:      layout_loops_corners, kennysheep_generic_room_13
D:4:      layout_basic, nicolae_overflow_crystal_walls,
          minmay_temple_entry_poolview
D:5:      layout_loops_cross, ebering_ghost_sewer_f, uniq_prince_ribbit1,
          uniq_edmund
D:6:      cheibrodos_steamvent, layout_rooms, serial_bayou_pond_b
D:7:      layout_gridville, serial_bayou_lagoon_a, minmay_gold_behind_fungi
D:8:      layout_cave_pods, serial_shops, shop, kennysheep_generic_room_8
Temple:   regret_index_temple_sigil_plot

Skill      XL: |  1  2  3  4  5  6  7  8  9 |
---------------+----------------------------+-----
Stealth        | 6 7 8 9 10 11 12 13 | 13.2
Dodging        | 2 3 4 5 7 |  7.1
Short Blades   | 3 4 5 7 |  7.0
Fighting       | 2 3 |  3.8
Throwing       | 3 4 5 |  5.4
Spellcasting   | 2 4 |  4.4
Summonings     | 1 3 |  3.0
Maces & Flails | |  0.4
Hexes          | |  0.2
Fire Magic     | |  0.1

Action                   |  1- 3 |  4- 6 |  7- 9 || total
-------------------------+-------+-------+-------++-------
Melee: Dagger            |   133 |    14 |       ||   147
       Short sword       |       |    83 |   257 ||   340
       Punch             |       |     2 |     2 ||     4
       Flail             |       |       |    23 ||    23
Throw: Dart              |    15 |    21 |    64 ||   100
       Stone             |       |     1 |       ||     1
       Throwing net      |       |       |     2 ||     2
  Use: Scroll            |       |     8 |     6 ||    14
 Stab: Sleeping          |    11 |    20 |    10 ||    41
       Distracted        |     1 |       |     1 ||     2
       Held in net/web   |       |       |     1 ||     1
Armor: Robe              |    21 |     6 |    17 ||    44
Dodge: Dodged            |    93 |    49 |   204 ||   346
